 Dungeon Crawl Stone Soup version 0.30-a0-335-ge5acde7520 (webtiles) character file.

Game seed: 7456171431716012800

206 Chingon the Slasher (level 5, -1/27 (43) HPs)
             Began as a Gnoll Reaver on Oct 30, 2022.
             Constricted to death by Sigmund (4 damage)
             ... on level 3 of the Dungeon.
             The game lasted 00:06:35 (2405 turns).

Chingon the Slasher (Gnoll Reaver)                  Turns: 2405, Time: 00:06:35

HP:   -1/27 (43)    AC:  4    Str: 12    XL:     5   Next: 84%
MP:   12/12         EV:  9    Int: 14    God:
Gold: 214           SH:  0    Dex: 10    Spells: 13/14 levels left

rFire   . . .      SeeInvis .    a - +0 falchion
rCold   . . .      Faith    .    (no shield)
rNeg    . . .      Spirit   .    b - +0 leather armour
rPois   .          Reflect  .    (no helmet)
rElec   .          Harm     .    (no cloak)
rCorr   .          Rampage  .    (no gloves)
Will    .....                    f - +0 pair of boots
Stlth   +.........               (no amulet)
HPRegen 0.24/turn                k - ring of wizardry
MPRegen 0.13/turn                (no ring)

@: lethally poisoned (-1 -> -4), grasped by roots, constricted, very heavily
drained
A: fangs 1, strong nose, distributed training
a: no special abilities


You were on level 3 of the Dungeon.
You visited 1 branch of the dungeon, and saw 3 of its levels.

You collected 214 gold pieces.

Inventory:

Hand Weapons
 a - a +0 falchion (weapon)
Missiles
 c - 13 poisoned darts
Armour
 b - a +0 leather armour (worn)
 f - a +0 pair of boots (worn)
Jewellery
 k - a ring of wizardry (left hand)
Wands
 u - a wand of paralysis (2)
Scrolls
 i - 2 scrolls of enchant weapon {unknown}
 j - 3 scrolls of identify {unknown}
 m - a scroll of fog {unknown}
 p - a scroll of teleportation {unknown}
 q - a scroll of noise {unknown}
 r - a scroll of immolation {unknown}
 v - a scroll of amnesia {unknown}
 w - a scroll of magic mapping {unknown}
Potions
 e - 3 potions of flight {unknown}
 g - a potion of berserk rage {unknown}
 h - 2 potions of invisibility {unknown}
 l - a potion of curing {unknown}
 n - a potion of heal wounds {unknown}
 o - a potion of brilliance {unknown}
 s - 2 potions of might {unknown}
 t - 2 potions of degeneration {unknown}


   Skills:
 + Level 4.9 Fighting
 + Level 1.7 Short Blades
 + Level 6.7 Long Blades
 + Level 1.7 Axes
 + Level 1.7 Maces & Flails
 + Level 1.7 Polearms
 + Level 1.7 Staves
 + Level 1.7 Ranged Weapons
 + Level 1.7 Throwing
 + Level 1.7 Armour
 + Level 4.9 Dodging
 + Level 1.7 Stealth
 + Level 1.7 Shields
 + Level 1.7 Unarmed Combat
 + Level 5.3 Spellcasting
 + Level 5.6 Conjurations
 + Level 1.3 Hexes
 + Level 1.3 Summonings
 + Level 1.3 Necromancy
 + Level 1.3 Translocations
 + Level 1.3 Transmutations
 + Level 1.3 Fire Magic
 + Level 1.3 Ice Magic
 + Level 1.3 Air Magic
 + Level 1.3 Earth Magic
 + Level 1.3 Poison Magic
 + Level 2.0 Invocations
 + Level 1.7 Evocations


You had 13 spell levels left.
You knew the following spells:

 Your Spells              Type           Power      Damage    Failure   Level
a - Kiss of Death         Conj/Necr      52%        2d9       2%          1

Your spell library contained the following spells:

 Spells                   Type           Power      Damage    Failure   Level
 Momentum Strike          Conj/Tloc      26%        3d8       3%          2
 Hailstorm                Conj/Ice       13%        3d5       6%          3
 Blink                    Tloc           14%        N/A       8%          2
 Lesser Beckoning         Tloc           14%        N/A       16%         3


Dungeon Overview and Level Annotations

Branches:
Dungeon (3/15)

Altars:

Annotations:
D:3 Grinder, Sigmund


Innate Abilities, Weirdness & Mutations

You have very sharp teeth.
Your uncanny sense of smell can sniff out nearby items.
Your experience applies equally to all skills.


Message History

Sigmund casts a spell at you.
You are confused.
You miss Sigmund.
The adder hisses angrily.
Your bite misses Sigmund.
Sigmund is heavily wounded.
Sigmund hits you with a +0 scythe!
Unknown command.
You slash Sigmund! Your bite misses Sigmund.
Sigmund is severely wounded.
Sigmund points at you and mumbles some strange words.
The puff of flame hits you.
* * * LOW HITPOINT WARNING * * *
You closely miss Sigmund. You bite Sigmund, but do no damage.
Sigmund is severely wounded.
Sigmund barely misses you.
Unknown command.
You're too confused to cast spells.
You're too confused to cast spells.
Unknown command.
Unknown command.
You hit Sigmund but do no damage.
Sigmund is severely wounded.
The adder bites you but does no damage.
Unknown command.
It was a potion of cancellation.
Your magical effects are unravelling.
You feel magically purged.
You feel less confused. Sigmund closely misses you. The adder misses you.
Grinder blinks!
The adder attacks as you move away! The adder bites you.
* * * LOW HITPOINT WARNING * * *
You are lethally poisoned!
The adder poisons you!
* * * LOW HITPOINT WARNING * * *
You feel sick.
Sigmund zaps a wand.
The roots erupt in riotous growth!
The adder is unaffected.
Sigmund is unaffected.
The grasping roots grab you! The grasping roots constrict you.
You die...

#.# #..##.###.......... #)#
. #...#.##........... #<###
..###..#..............
#.).#
........#ยง...........
###.#
####....#............# #.#
#.(.........#.........
#.###...###.#.#.#####......
####.....# #@S....# .##..
)........# #..S#@##.....##
.# ###......# #.###.# .....
# #......... #.. ####..
#......### #### . #......#
#......# #......# #......#


You could see Sigmund (very drained) and an adder.

Vanquished Creatures
  Ijyb (D:2)
  Robin (D:3)
  10 adders
  A dart slug (D:1)
  5 bats
  7 endoplasms
  2 giant cockroaches
  15 goblins
  9 hobgoblins
  4 jackals
  3 quokkas
  2 ball pythons (D:1)
  4 frilled lizards
  5 kobolds
  8 rats
77 creatures vanquished.

Vanquished Creatures (others)
  3 plants (D:1)
3 creatures vanquished.

Grand Total: 80 creatures vanquished

Notes
Turn   | Place    | Note
-------+----------+-------------------------------------------
     0 | D:1      | Chingon the Gnoll Reaver began the quest for the Orb.
     0 | D:1      | Reached XP level 1. HP: 20/20 MP: 6/6
   179 | D:1      | Reached XP level 2. HP: 21/23 MP: 7/7
   411 | D:1      | Reached skill level 5 in Spellcasting
   411 | D:1      | Reached XP level 3. HP: 31/31 MP: 7/9
   812 | D:2      | Reached skill level 1 in Invocations
   889 | D:2      | Reached skill level 1 in Short Blades
   889 | D:2      | Reached skill level 1 in Axes
   889 | D:2      | Reached skill level 1 in Maces & Flails
   889 | D:2      | Reached skill level 1 in Polearms
   889 | D:2      | Reached skill level 1 in Staves
   889 | D:2      | Reached skill level 1 in Ranged Weapons
   889 | D:2      | Reached skill level 1 in Throwing
   889 | D:2      | Reached skill level 1 in Armour
   889 | D:2      | Reached skill level 1 in Stealth
   889 | D:2      | Reached skill level 1 in Shields
   889 | D:2      | Reached skill level 1 in Unarmed Combat
   889 | D:2      | Reached skill level 1 in Evocations
   891 | D:2      | Reached XP level 4. HP: 24/25 MP: 8/11
  1059 | D:2      | Reached skill level 1 in Hexes
  1059 | D:2      | Reached skill level 1 in Summonings
  1059 | D:2      | Reached skill level 1 in Necromancy
  1059 | D:2      | Reached skill level 1 in Translocations
  1059 | D:2      | Reached skill level 1 in Transmutations
  1059 | D:2      | Reached skill level 1 in Fire Magic
  1059 | D:2      | Reached skill level 1 in Ice Magic
  1059 | D:2      | Reached skill level 1 in Air Magic
  1059 | D:2      | Reached skill level 1 in Earth Magic
  1059 | D:2      | Reached skill level 1 in Poison Magic
  1780 | D:3      | Reached XP level 5. HP: 26/33 MP: 12/12
  1807 | D:3      | Noticed Ijyb
  1906 | D:3      | Paralysed by Ijyb for 5 turns
  1913 | D:2      | Paralysed by Ijyb for 4 turns
  1921 | D:2      | Paralysed by Ijyb for 4 turns
  1928 | D:2      | Killed Ijyb
  2000 | D:3      | Noticed Robin
  2120 | D:3      | Killed Robin
  2389 | D:3      | Noticed Sigmund
  2390 | D:3      | Noticed Grinder
  2405 | D:3      | Constricted to death by Sigmund

Illustrated notes

Levels and vault maps discovered:
D:1:      mrwooster_arrival_arrow, layout_rooms, serial_forest,
          infiniplex_forest_clump_curved, infiniplex_forest_clump_small,
          infiniplex_forest_lined_ring, infiniplex_forest_zigzag_2,
          infiniplex_forest_straight_2, infiniplex_forest_clump_curved,
          infiniplex_forest_clump_double, infiniplex_forest_lined_room_2,
          chequers_serial_rivers_large_a, chequers_serial_rivers_micro_d,
          chequers_avenue
D:2:      layout_basic, grunt_decor_resistance, minmay_tiny_reverse_x
D:3:      layout_rooms, demons_altar, uniq_grinder, uniq_ijyb, uniq_sigmund,
          uniq_robin

Skill      XL: |  1  2  3  4  5 |
---------------+----------------+-----
Spellcasting   | 5 |  5.3
Invocations    | 1 2 |  2.0
Short Blades   | 1 |  1.7
Axes           | 1 |  1.7
Maces & Flails | 1 |  1.7
Polearms       | 1 |  1.7
Staves         | 1 |  1.7
Ranged Weapons | 1 |  1.7
Throwing       | 1 |  1.7
Armour         | 1 |  1.7
Stealth        | 1 |  1.7
Shields        | 1 |  1.7
Unarmed Combat | 1 |  1.7
Evocations     | 1 |  1.7
Hexes          | 1 |  1.3
Summonings     | 1 |  1.3
Necromancy     | 1 |  1.3
Translocations | 1 |  1.3
Transmutations | 1 |  1.3
Fire Magic     | 1 |  1.3
Ice Magic      | 1 |  1.3
Air Magic      | 1 |  1.3
Earth Magic    | 1 |  1.3
Poison Magic   | 1 |  1.3
Fighting       | |  4.9
Long Blades    | |  6.7
Dodging        | |  4.9
Conjurations   | |  5.6

Action                   |  1- 3 |  4- 6 || total
-------------------------+-------+-------++-------
Melee: Falchion          |    67 |   211 ||   278
       Bite              |     6 |    26 ||    32
       Punch             |     1 |     5 ||     6
 Cast: Kiss of Death     |     4 |     2 ||     6
  Use: Potion            |       |     1 ||     1
 Stab: Sleeping          |       |     2 ||     2
Armor: Leather armour    |    19 |    69 ||    88
Dodge: Dodged            |    40 |   145 ||   185

Table legend: (Time is in decaauts)
 A = Elapsed time spent in this place.
 B = Non-inter-level travel time spent in this place.
 C = Inter-level travel time spent in this place.
 D = Time resting spent in this place.
 E = Time spent auto-exploring this place.
 F = Levels seen in this place.
 G = Mean time per level.
                   A        B        C        D        E       F      G
               +--------+--------+--------+--------+--------+-----+--------+
         Total |   2416 |   2353 |     63 |    117 |   1620 |   3 |  805.3 |
       Dungeon |   2416 |   2353 |     63 |    117 |   1620 |   3 |  805.3 |
               +--------+--------+--------+--------+--------+-----+--------+

Top non-repeatable levels by time:
     D:2: 1037 daAuts
     D:1: 818 daAuts
     D:3: 559 daAuts
